Map: Year Zero LE

Players

NORTHAMERICA - Winner!

  • Race: Protoss Protoss
  • League: Grandmaster
  • Spawn Location: 1:00

또치

  • Race: Protoss Protoss
  • League: Master
  • Spawn Location: 11:00

VOD

Have the link to the VOD?

Description

Time

  • Played on: Feb. 17, 2019, 3:28 a.m.
  • Length: 7:40
Show
View Real Time Build Order
Export as new Build Order

NORTHAMERICA Protoss - Winner!

Build Orders:  

Get SALT Encoding   

  12  0:01  Probe  
  13  0:13  Probe  
  14  0:22  Pylon  
  14  0:26  Probe  
  15  0:37  Probe  
  15  0:42  Gateway  
  16  0:45  Probe  
  17  0:51  Assimilator  
  17  0:54  Probe  
  17  0:59  Assimilator  
  17  1:02  Probe  
  18  1:10  Probe  
  19  1:14  Gateway  
  20  1:20  Probe  
  21  1:32  Probe, Cybernetics Core  
  22  1:39  Pylon  
  22  1:44  Probe  
  23  1:57  Probe  
  24  2:09  Stalker  
  24  2:10  Warp Gate, Sentry  
  24  2:15  Pylon  
  28  2:18  Probe  
  29  2:28  Pylon  
  29  2:33  Robotics Facility  
  29  2:39  Stalker  
  31  2:46  Stalker  
  33  2:57  Probe  
  34  3:17  Nexus  
  34  3:18  Pylon  
  34  3:29  Warp Prism  
  32  3:36  Probe  
  34  3:48  Probe  
  34  3:49  Robotics Bay  
  35  3:59  Sentry x2  
  35  4:01  Probe  
  40  4:13  Probe, Immortal  
  45  4:25  Probe  
  46  4:34  Adept x2  
  46  4:37  Probe  
  51  4:41  Probe  
  52  4:50  Probe  
  53  4:58  Disruptor  
  53  4:59  Probe  
  54  5:02  Probe  
  55  5:11  Probe  
  56  5:14  Probe, Gateway  
  56  5:20  Gateway  
  56  5:23  Probe  
  56  5:27  Gateway, Disruptor  
  57  5:28  Gateway  
  57  5:30  Probe  
  58  5:40  Pylon  
  61  5:44  Pylon  
  61  5:58  Probe  
  61  6:00  Assimilator  
  61  6:02  Stalker  
  61  6:03  Stalker  
  66  6:06  Pylon  
  66  6:10  Disruptor  
  66  6:16  Pylon  
  66  6:17  Probe  
  67  6:20  Stalker x2  
  71  6:26  Stalker x2  
  75  6:36  Zealot  
  75  6:37  Zealot  
  79  6:43  Stalker x2  
  83  6:50  Probe  
  83  6:52  Pylon  
  84  7:01  Zealot x3, Stalker  
  80  7:20  Stalker x2  
  82  7:26  Zealot x2  
  82  7:27  Zealot x2  
Show
View Real Time Build Order
Export as new Build Order

또치 Protoss 

Build Orders:  

Get SALT Encoding   

  12  0:00  Probe  
  13  0:12  Probe  
  14  0:17  Pylon  
  14  0:24  Probe  
  15  0:32  Probe  
  15  0:39  Gateway  
  15  0:40  Probe  
  16  0:48  Assimilator  
  17  0:50  Probe  
  17  0:55  Assimilator  
  18  0:58  Probe  
  19  1:08  Probe  
  19  1:09  Gateway  
  20  1:20  Probe  
  21  1:27  Cybernetics Core  
  21  1:32  Probe  
  22  1:37  Pylon  
  22  1:44  Probe  
  23  1:56  Probe  
  24  2:03  Adept x2, Warp Gate  
  28  2:08  Probe  
  28  2:12  Pylon  
  29  2:20  Probe  
  30  2:26  Pylon  
  30  2:33  Adept x2  
  34  2:37  Probe  
  35  3:09  Nexus  
  35  3:13  Probe  
  35  3:19  Forge  
  36  3:25  Probe  
  35  3:37  Probe  
  35  3:39  Pylon  
  34  3:42  Protoss Ground Weapons Level 1  
  34  3:49  Probe  
  34  3:51  Robotics Facility, Sentry  
  34  3:52  Sentry  
  39  3:57  Shield Battery  
  39  4:03  Probe  
  39  4:05  Phoenix  
  40  4:21  Probe  
  40  4:22  Probe  
  40  4:24  Stalker x2  
  46  4:33  Probe  
  46  4:37  Probe, Twilight Council  
  48  4:40  Observer  
  49  4:45  Probe  
  49  4:49  Probe, Stalker  
  49  4:50  Stalker  
  54  4:55  Shield Battery  
  52  5:05  Probe  
  52  5:07  Probe  
  52  5:13  Charge  
  52  5:14  Immortal  
  52  5:19  Phoenix, Assimilator  
  56  5:22  Assimilator  
  56  5:26  Probe  
  56  5:27  Probe  
  58  5:32  Pylon  
  58  5:34  Probe  
  58  5:39  Probe  
  58  5:42  Probe  
  61  5:51  Probe  
  62  5:58  Immortal  
  66  6:04  Gateway  
  66  6:07  Gateway  
  66  6:10  Stargate  
  66  6:12  Probe x2  
  68  6:24  Probe  
  70  6:38  Pylon  
  69  6:40  Pylon  
  69  6:41  Gateway  
  69  6:45  Stargate  
  69  6:47  Gateway  
  69  6:56  Phoenix, Immortal  
  75  7:01  Gateway  
  75  7:03  Gateway  
  74  7:12  Zealot x2  
  60  7:23  Zealot x2  
  53  7:34  Zealot  
  53  7:35  Zealot x2  
Tags
 
Add a new tag
Caveats
  • Supply blocks, unpowered buildings, or Contaminate may cause inaccurate times.
  • Supply counts are checked every 10 seconds.